 Dungeon Crawl Stone Soup version 0.27.0-1-g7a089689b8 (webtiles) character file.

Game seed: 17459871641819978306

443 Acheron the Chopper (level 6, -6/56 HPs)
             Began as a Minotaur Berserker on Aug 5, 2021.
             Was an Elder of Trog.
             Mangled by an ice beast (13 damage)
             ... on level 5 of the Dungeon.
             The game lasted 00:14:19 (4830 turns).

Acheron the Chopper (Minotaur Berserker)            Turns: 4830, Time: 00:14:20

Health: -6/56      AC:  3    Str: 22    XL:     6   Next: 71%
Magic:  5/5        EV: 12    Int: 11    God:    Trog [****..]
Gold:   215        SH:  0    Dex: 10    Spells: 5/5 levels left

rFire    . . .     SeeInvis .   a - +0 hand axe
rCold    . . .     Faith    .   (no shield)
rNeg     . . .     Spirit   .   l - +0 leather armour
rPois    .         Reflect  .   (helmet restricted)
rElec    .         Harm     .   (no cloak)
rCorr    .         Rampage  .   (no gloves)
Will     .....                  (no boots)
Stlth    +.........             (no amulet)
HPRegen  0.18/turn              c - +6 ring of intelligence
MPRegen  0.09/turn              (no ring)

@: no status effects
A: horns 2, retaliatory headbutt
a: Renounce Religion, Berserk, Trog's Hand, Brothers in Arms


You were on level 5 of the Dungeon.
You worshipped Trog.
Trog was greatly pleased with you.
You visited 1 branch of the dungeon, and saw 5 of its levels.
You also visited: Sewer.

You collected 215 gold pieces.

Inventory:

Hand Weapons
 a - a +0 hand axe (weapon)
 n - a +0 arbalest
 o - a +0 short sword of draining
Missiles
 e - 14 poisoned darts (quivered)
 s - a throwing net
Armour
 b - a +0 animal skin
 l - a +0 leather armour (worn)
Jewellery
 c - a +6 ring of intelligence (left hand)
 d - an amulet of guardian spirit
 g - a ring of fire
 u - a ring of ice
Wands
 t - a wand of flame (14)
Scrolls
 j - 2 scrolls of teleportation
 v - a scroll of noise {unknown}
 w - a scroll of identify
Potions
 f - a potion of ambrosia {unknown}
 h - 4 potions of flight
 i - a potion of curing
 k - 2 potions of resistance
 p - a potion of degeneration {unknown}
 q - a potion of cancellation
 r - a potion of haste {unknown}
Miscellaneous
 m - a condenser vane


   Skills:
 * Level 5.1 Fighting
 * Level 6.8 Axes
 + Level 0.6 Throwing
 * Level 3.5 Armour
 * Level 3.4 Dodging
 * Level 1.6 Stealth


You had 5 spell levels left.
You didn't know any spells.
Your spell library was empty.

Dungeon Overview and Level Annotations

Branches:
Dungeon (5/15)              Sewer (visited)
 Temple: D:4-7

Altars:
Fedhas
Hepliaklqana
Kikubaaqudgha
Qazlal
Trog
Uskayaw
Vehumet


Innate Abilities, Weirdness & Mutations

You have a pair of horns on your head.
You reflexively headbutt those who attack you in melee.


Message History

The bullfrog zombie is lightly damaged.
The bullfrog zombie misses you.
You barely miss the bullfrog zombie. You headbutt the bullfrog zombie!
The bullfrog zombie is heavily damaged.
The bullfrog zombie closely misses you. You furiously retaliate!
You headbutt the bullfrog zombie! The bullfrog zombie hits you.
You slash the bullfrog zombie!
You destroy the bullfrog zombie!
Trog accepts your kill.
HP restored.
You open the door.
There is an open door here.
Found an ancient bone altar of Kikubaaqudgha.
Found 2 potions of attraction.
You open the door.
An ice beast comes into view.
Found a stormy altar of Qazlal.
There is an open door here.
The helpless ice beast fails to defend itself.
You hit the ice beast but do no damage. Your headbutt misses the ice beast.
The ice beast hits you. The ice beast freezes you!
You hit the ice beast but do no damage.
You headbutt the ice beast, but do no damage.
The ice beast closely misses you.
You closely miss the ice beast. You closely miss the ice beast.
The ice beast hits you. The ice beast freezes you!
You hit the ice beast. Your headbutt misses the ice beast.
The ice beast is lightly wounded.
The ice beast hits you. The ice beast freezes you!
You completely miss the ice beast.
The ice beast is lightly wounded.
The ice beast hits you. The ice beast freezes you!
* * * LOW HITPOINT WARNING * * *
You completely miss the ice beast. Your headbutt misses the ice beast.
The ice beast is lightly wounded.
The ice beast hits you.
* * * LOW HITPOINT WARNING * * *
The ice beast freezes you!
You die...

#+###+#
#.....#
#.≈≈≈.#
#.....#
+.._..+
#.....#
#Y≈≈≈.#
#@....#
##'###+#
#....#
#....#
#....#
#####....#
#........#
#......#.#
#......#.#


You could see an ice beast.

Vanquished Creatures
  A bullfrog zombie (D:5)
  A hound (D:4)
  An orc priest (D:4)
  A bullfrog skeleton (D:4)
  An iguana (D:4)
  A merfolk siren (Sewer)
  A merfolk avatar (Sewer)
  4 gnolls
  4 adders
  4 river rats
  5 worms
  5 dart slugs
  4 orcs (D:4)
  15 ball pythons
  6 endoplasms
  4 giant cockroaches
  9 goblins
  10 hobgoblins
  7 jackals
  3 kobolds
  3 quokkas
  A bat (D:1)
  6 frilled lizards
  31 rats
128 creatures vanquished.

Vanquished Creatures (collateral kills)
  3 orcs (D:4)
3 creatures vanquished.

Vanquished Creatures (others)
  A wizard (D:4)
1 creature vanquished.

Grand Total: 132 creatures vanquished

Notes
Turn   | Place    | Note
-------+----------+-------------------------------------------
     0 | D:1      | Acheron the Minotaur Berserker began the quest for the Orb.
     0 | D:1      | Reached XP level 1. HP: 19/19 MP: 0/0
   194 | D:1      | Reached XP level 2. HP: 27/27 MP: 1/1
   253 | D:1      | Reached skill level 4 in Axes
   503 | D:1      | Reached XP level 3. HP: 32/33 MP: 2/2
   547 | D:1      | Reached ** piety under Trog
   746 | D:1      | Found a faded altar of an unknown god.
   747 | D:1      | Noticed a floating eye
   748 | D:1      | Noticed a shining eye
   749 | D:1      | Noticed a great orb of eyes
   749 | D:1      | Noticed a great orb of eyes
  1642 | D:2      | Reached XP level 4. HP: 41/41 MP: 3/3
  1879 | D:4      | Reached skill level 5 in Axes
  1879 | D:4      | Reached skill level 1 in Stealth
  2106 | D:4      | Reached XP level 5. HP: 43/47 MP: 4/4
  2112 | D:4      | Found a glowing drain.
  2119 | Sewer    | Entered a sewer
  2182 | Sewer    | Reached *** piety under Trog
  2376 | Sewer    | Reached skill level 6 in Axes
  2645 | D:4      | Reached XP level 6. HP: 41/55 MP: 5/5
  2878 | D:4      | Found a bloodstained altar of Trog.
  2879 | D:4      | Noticed a wizard
  2885 | D:4      | Killed a wizard
  3109 | D:5      | Entered Level 5 of the Dungeon
  3142 | D:4      | Reached skill level 5 in Fighting
  3155 | D:4      | Reached **** piety under Trog
  3164 | D:4      | Found a blossoming altar of Fedhas.
  3717 | D:3      | Found a hazy altar of Hepliaklqana.
  3722 | D:3      | Found a hide-covered altar of Uskayaw.
  3723 | D:3      | Found a radiant altar of Vehumet.
  3770 | D:2      | HP: 1/56 [gnoll (3)]
  4801 | D:5      | Found an ancient bone altar of Kikubaaqudgha.
  4821 | D:5      | Found a stormy altar of Qazlal.
  4821 | D:5      | Noticed an ice beast
  4830 | D:5      | Mangled by an ice beast

Illustrated notes

Levels and vault maps discovered:
D:1:      dpeg_arrival_refuge, layout_basic,
          hellmonk_ecumenical_altar_watching_god, hangedman_feature_mirror
D:2:      layout_basic
D:3:      layout_rooms, minitemple
D:4:      layout_cave_pools, mainiacjoe_overflow_cross_hatched, trog_wizard,
          portal_sewer_entry_e
D:5:      layout_basic, mainiacjoe_overflow_six_doors_small,
          mainiacjoe_overflow_catwalk, ebering_ghost_sewer_d

Skill      XL: |  1  2  3  4  5  6 |
---------------+-------------------+-----
Fighting       | 4 5 |  5.1
Axes           | 4 5 6 |  6.8
Stealth        | 1 |  1.6
Armour         | 3 |  3.5
Dodging        | 3 |  3.4
Throwing       | |  0.6

Action                   |  1- 3 |  4- 6 || total
-------------------------+-------+-------++-------
Melee: Hand axe          |    73 |   220 ||   293
       Headbutt          |    12 |    32 ||    44
Throw: Dart              |       |    12 ||    12
Invok: Berserk           |       |     1 ||     1
       Trog's Hand       |       |     1 ||     1
  Use: Scroll            |     2 |     7 ||     9
 Stab: Sleeping          |     2 |     2 ||     4
Armor: Animal skin       |     7 |    21 ||    28
       Leather armour    |       |     8 ||     8
Dodge: Dodged            |    49 |   118 ||   167
